 Dungeon Crawl Stone Soup version 0.31.0-11-ge490571c62 (webtiles) character file.

Game seed: 11316945001467372181

503 qw the Shooter (level 6, -5/30 HPs)
             Began as a Spriggan Hunter on Feb 4, 2024.
             Slain by Pikel
             ... wielding a +0 whip of flaming
              (7 damage)
             ... on level 5 of the Dungeon.
             The game lasted 00:00:12 (2752 turns).

qw the Shooter (Spriggan Hunter)                    Turns: 2752, Time: 00:00:13

Health: -5/30      AC:  2    Str:  7    XL:     6   Next: 96%
Magic:  7/7        EV: 21    Int: 11    God:
Gold:   912        SH:  0    Dex: 20    Spells: 5/5 levels left

rFire   . . .        a - +1 shortbow
rCold   . . .        (shield currently unavailable)
rNeg    . . .        c - +0 robe
rPois   .            (helmet restricted)
rElec   .            (no cloak)
rCorr   .            (gloves unavailable)
SInv    +            (boots unavailable)
Will    +....        (no amulet)
Stlth   ++           (no ring)
HPRegen 0.25/turn    (no ring)
MPRegen 0.10/turn

%: no passive effects
@: about to teleport, very quick
A: very small, no large weapons, unfitting armour, see invisible, speed 3
a: no special abilities


You were on level 5 of the Dungeon.
You visited 1 branch of the dungeon, and saw 5 of its levels.

You collected 1008 gold pieces.
You spent 96 gold pieces at shops.


Innate Abilities, Weirdness & Mutations

You are very small and have problems with some larger weapons.
You are too small for most types of armour.
You have supernaturally acute eyesight. (SInv)
You cover ground extremely quickly. (Speed+++)


   Skills:
 - Level 2.0 Fighting
 - Level 7.0 Ranged Weapons
 + Level 6.2 Dodging
 - Level 1.5 Stealth


You had 5 spell levels left.
You didn't know any spells.
Your spell library was empty.

Inventory:

Hand Weapons
 a - a +1 shortbow (weapon)
Armour
 c - a +0 robe (worn)
Jewellery
 k - a ring of flight
Scrolls
 b - 2 scrolls of identify
Potions
 d - a potion of resistance
 e - a potion of might
 f - a potion of mutation
 g - a potion of heal wounds
 i - a potion of curing
 j - a potion of enlightenment {unknown}

Dungeon Overview and Level Annotations

Branches:
Dungeon (5/15)
 Temple: D:4-7

Altars:
Nemelex Xobeh

Shops:
D:3 ?

Annotations:
D:3 1 runed translucent door, Crazy Yiuf
D:5 Pikel


Message History

A lemure comes into view.
You shoot an arrow. The arrow misses Pikel.
The arrow hits the lemure.
The lemure is moderately wounded.
Pikel closely misses you.
You shoot an arrow. The arrow hits Pikel!
Pikel is severely wounded.
Pikel hits you with a +0 whip of flaming!
Pikel burns you.
You shoot an arrow. The arrow closely misses Pikel.
The arrow closely misses the lemure. x2
Pikel completely misses you.
You shoot an arrow. The arrow closely misses Pikel.
The arrow hits the lemure.
The lemure is heavily wounded.
Pikel says, "Hell isn't that bad."
Pikel misses you.
You shoot an arrow. The arrow closely misses Pikel.
The arrow barely misses the lemure.
The arrow hits the lemure.
The lemure is lightly wounded.
Pikel misses you.
You shoot an arrow.
The arrow hits Pikel but does no damage.
Pikel is severely wounded.
Pikel hits you with a +0 whip of flaming.
Pikel burns you.
You shoot an arrow. The arrow hits Pikel!
Pikel is almost dead.
Pikel closely misses you.
Pikel hits you with a +0 whip of flaming.
Pikel burns you.
You shoot an arrow. The arrow closely misses Pikel.
The arrow barely misses the lemure.
The arrow hits the lemure.
The lemure is moderately wounded.
Pikel hits you with a +0 whip of flaming!
Pikel burns you.
2752 ||| READING scroll of teleportation.
As you read the scroll of teleportation, it crumbles to dust.
You feel strangely unstable.
Pikel hits you with a +0 whip of flaming!
You die...
Pikel says, "Another soul for the market." ##..#....#...##.# PP~77 #..##.##.#.####.# #~~~7 #.###.##.#.####.# #~P~~ #.##...#.#.#....# #.PPP

#.##.#.#.#.#%##.# #..##
#.#..#.#.#.#.##.###..##
#.#.##.#.#.#.##........
#.#.##.#.#.#.######..##
#...##@#5#.#.# #..##
######K#5#.#.# #..##
#5#.#.#.# #..##
#5#.#.#.# #..##
#.#.#.#.# #.... ..#.# #
#.### .##.# .. # .


You could see Pikel and 4 lemures.

Vanquished Creatures
  A black bear (D:5)
  Blork the orc (D:4)
  A howler monkey (D:5)
  A bombardier beetle (D:3)
  2 jellies (D:5)
  Terence (D:3)
  2 iguanas (D:5)
  5 adders
  3 ribbon worms
  2 dart slugs
  8 orcs
  3 endoplasms
  4 giant cockroaches
  5 goblins
  8 hobgoblins
  3 jackals (D:4)
  8 kobolds
  2 quokkas
  4 ball pythons
  3 bats (D:1)
  5 frilled lizards
  9 rats
81 creatures vanquished.

Notes
Turn   | Place    | Note
-------+----------+-------------------------------------------
     0 | D:1      | qw the Spriggan Hunter began the quest for the Orb.
     0 | D:1      | Reached XP level 1. HP: 10/10 MP: 2/2
     0 | D:1      | 0 ||| qw: Version: 0.3-a-160-g6735b56
     0 | D:1      | 0 ||| qw: Game counter: 4946
     0 | D:1      | 0 ||| qw: Melee chars always use a shield: true
     0 | D:1      | 0 ||| qw: God list: Okawaru
     0 | D:1      | 0 ||| qw: Allow faded altars: false
     0 | D:1      | 0 ||| qw: Do Orc after clearing Dungeon:15 true
     0 | D:1      | 0 ||| qw: Do second Lair branch before Depths: true
     0 | D:1      | 0 ||| qw: Lair rune preference: random
     0 | D:1      | 0 ||| qw: Goals: Normal
     0 | D:1      | 0 ||| PLANNING D:1-11
    22 | D:1      | Reached skill level 3 in Dodging
    87 | D:1      | Reached XP level 2. HP: 14/14 MP: 3/3
   127 | D:1      | Found a faded altar of an unknown god.
   489 | D:1      | 489 ||| READING scroll labelled OBIUSO XACAL.
   490 | D:1      | 490 ||| READING scroll labelled UNESOI XIOFUSH.
   491 | D:1      | 491 ||| READING 2 scrolls labelled GOKOEDUXKO.
   491 | D:1      | 491 ||| IDENTIFYING sedimented black potion
   492 | D:1      | 492 ||| READING scroll of identify.
   492 | D:1      | 492 ||| IDENTIFYING glowing white potion
   493 | D:1      | 493 ||| DROPPING scroll of butterflies.
   709 | D:2      | Reached XP level 3. HP: 15/18 MP: 4/4
  1151 | D:2      | 1151 ||| READING scroll of identify.
  1151 | D:2      | 1151 ||| IDENTIFYING amethyst potion
  1152 | D:2      | 1152 ||| READING scroll labelled SAIZYFAATH.
  1205 | D:3      | Reached skill level 5 in Ranged Weapons
  1205 | D:3      | Reached XP level 4. HP: 22/22 MP: 5/5
  1307 | D:3      | Found a sparkling altar of Nemelex Xobeh.
  1347 | D:3      | Found Ovouggut's Magic Scroll Shoppe.
  1364 | D:3      | 1364 ||| BUYING 3 scrolls of identify (72 gold).
  1364 | D:3      | Bought 3 scrolls of identify for 72 gold pieces
  1364 | D:3      | 1364 ||| SHOPLISTING scroll of enchant armour (90 gold,
                  | have 46).
  1364 | D:3      | 1364 ||| SHOPLISTING scroll of enchant weapon (90 gold,
                  | have 46).
  1364 | D:3      | 1364 ||| BUYING scroll of identify (24 gold).
  1364 | D:3      | Bought a scroll of identify for 24 gold pieces
  1364 | D:3      | 1364 ||| SHOPLISTING scroll of identify (24 gold, have 22).
  1364 | D:3      | 1364 ||| SHOPLISTING scroll of teleportation (36 gold, have
                  | 22).
  1499 | D:3      | Noticed Terence
  1505 | D:3      | Killed Terence
  1506 | D:3      | Reached XP level 5. HP: 26/26 MP: 6/6
  1520 | D:3      | Found a runed translucent door.
  1521 | D:3      | Noticed Crazy Yiuf
  1716 | D:3      | 1716 ||| READING 4 scrolls of identify.
  1716 | D:3      | 1716 ||| IDENTIFYING fizzy puce potion
  1717 | D:3      | 1717 ||| READING 3 scrolls of identify.
  1717 | D:3      | 1717 ||| IDENTIFYING bubbling silvery potion
  1718 | D:3      | 1718 ||| READING 2 scrolls of identify.
  1718 | D:3      | 1718 ||| IDENTIFYING sapphire potion
  1719 | D:3      | 1719 ||| READING scroll of identify.
  1719 | D:3      | 1719 ||| IDENTIFYING bubbling purple potion
  1720 | D:3      | 1720 ||| READING scroll labelled APRYME SINIFO.
  1721 | D:3      | 1721 ||| READING scroll labelled URRYUKH GUGH.
  1722 | D:3      | 1722 ||| READING scroll labelled TYTUEZ YXZEBLOIMU.
  1722 | D:3      | 1722 ||| ENCHANTING +0 shortbow.
  1723 | D:3      | 1723 ||| READING scroll labelled XICLIF XITHRUNU.
  1773 | D:3      | 1773 ||| READING scroll labelled YHUISS KUIW.
  1773 | D:3      | Identified a scroll of acquirement
  1773 | D:3      | 1773 ||| ACQUIRING 819 gold pieces
  1773 | D:3      | Acquired 819 gold pieces
  1775 | D:3      | 1775 ||| DRINKING 2 brown potions.
  1776 | D:3      | 1776 ||| DROPPING potion of lignification.
  1777 | D:3      | 1777 ||| DROPPING potion of berserk rage.
  1778 | D:3      | 1778 ||| DROPPING potion of attraction.
  1779 | D:3      | 1779 ||| DROPPING potion of brilliance.
  1902 | D:4      | 1902 ||| FLEEEEING.
  1905 | D:4      | 1905 ||| FLEEEEING.
  1976 | D:4      | Noticed Blork the orc
  1985 | D:4      | Killed Blork the orc
  1986 | D:4      | Reached skill level 6 in Ranged Weapons
  2076 | D:4      | Reached XP level 6. HP: 30/30 MP: 7/7
  2322 | D:4      | 2322 ||| READING 3 scrolls of identify.
  2322 | D:4      | 2322 ||| IDENTIFYING blue potion
  2323 | D:4      | 2323 ||| READING 2 scrolls of identify.
  2323 | D:4      | 2323 ||| IDENTIFYING scroll labelled DOWEAPE PIUQAKH
  2331 | D:5      | Entered Level 5 of the Dungeon
  2472 | D:5      | Reached skill level 6 in Dodging
  2607 | D:5      | Reached skill level 7 in Ranged Weapons
  2736 | D:5      | Noticed Pikel
  2751 | D:5      | HP: 4/30 [Pikel/+0 whip of flaming (9)]
  2752 | D:5      | 2752 ||| READING scroll of teleportation.
  2752 | D:5      | Slain by Pikel

Levels and vault maps discovered:
D:1:      dpeg_arrival_simpleton_c, layout_basic,
          ebering_ecumenical_altar_sacrificial
D:2:      layout_basic
D:3:      layout_rooms, overflow_temple_1_default, serial_shops,
          nicolae_shop_just_a_little_nook, uniq_crazy_yiuf_cottage, uniq_terence
D:4:      layout_cave_pools, uniq_blork_the_orc
D:5:      layout_loops_ring, minmay_temple_entry_water_ring,
          serial_co_window_serial, co_window_paths_a, co_window_paths_a,
          co_window_corner_a, co_window_paths_a, co_window_of_opportunity_a,
          co_window_corner_b, co_window_corner_b, co_window_2corner,
          co_window_2corner, co_window_paths_d, glass_columns_b,
          serial_bayou_pond_c, uniq_pikel

Skill      XL: |  1  2  3  4  5  6 |
---------------+-------------------+-----
Dodging        | 3 4 5 6 |  6.2
Ranged Weapons | 5 6 7 |  7.0
Fighting       | 2 |  2.0
Stealth        | |  1.5

Action                     |  1- 3 |  4- 6 || total
---------------------------+-------+-------++-------
   Fire: Shortbow          |    93 |   174 ||   267
    Use: Scroll            |     6 |    12 ||    18
         Potion            |       |     1 ||     1
 Armour: Robe              |     2 |    20 ||    22
  Dodge: Dodged            |     6 |    73 ||    79

Table legend:
 A = Non-vault XP
 B = Vault XP
 C = Vault XP percentage of total XP
 D = Non-vault monster count
 E = Vault monster count
 F = Vault count percentage of total count
                 A         B        C        D         E       F
            +---------+---------+-------+---------+---------+-------
      Total |     584 |     135 |  18.8 |      79 |       2 |   2.5
            +---------+---------+-------+---------+---------+-------
        D:1 |      27 |       0 |   0.0 |      16 |       0 |   0.0
        D:2 |      49 |       0 |   0.0 |      21 |       0 |   0.0
        D:3 |     112 |      36 |  24.3 |      20 |       1 |   4.8
        D:4 |      57 |      99 |  63.5 |      16 |       1 |   5.9
        D:5 |     339 |       0 |   0.0 |       6 |       0 |   0.0
            +---------+---------+-------+---------+---------+-------
